Map: Submarine LE

Players

llllllllll - Winner!

  • Race: Protoss Protoss
  • League: Diamond
  • Spawn Location: 5:00

Osiris

  • Race: Terran Terran
  • League: Diamond
  • Spawn Location: 11:00

VOD

Have the link to the VOD?

Description

Time

  • Played on: Jan. 30, 2021, 12:02 p.m.
  • Length: 5:03
Show
View Real Time Build Order
Export as new Build Order

llllllllll Protoss - Winner!

Build Orders: Proxy Void Ray 

Get SALT Encoding   

  12  0:00  Probe  
  13  0:13  Probe  
  14  0:19  Pylon  
  14  0:25  Probe  
  15  0:37  Probe (Chrono Boost)  
  15  0:41  Gateway  
  16  0:47  Probe (Chrono Boost)  
  17  0:51  Assimilator  
  17  0:52  Probe (Chrono Boost)  
  18  1:04  Probe, Assimilator  
  19  1:10  Pylon  
  19  1:16  Probe  
  20  1:28  Probe  
  20  1:31  Cybernetics Core  
  21  1:40  Probe  
  22  1:50  Pylon  
  22  1:52  Probe  
  23  2:04  Probe  
  24  2:09  Stalker (Chrono Boost)  
  24  2:11  Stargate  
  26  2:16  Warp Gate  
  26  2:21  Gateway  
  26  2:31  Pylon  
  26  2:34  Stalker  
  28  2:47  Void Ray (Chrono Boost)  
  32  3:00  Shield Battery  
  32  3:16  Pylon  
  32  3:19  Void Ray (Chrono Boost)  
  32  3:25  Gateway  
  36  3:41  Shield Battery  
  36  3:43  Shield Battery  
  36  3:50  Void Ray  
  36  4:19  Stalker x3  
  39  4:44  Shield Battery  
  37  5:00  Stalker x3  
Show
View Real Time Build Order
Export as new Build Order

Osiris Terran 

Build Orders:  

Get SALT Encoding   

  12  0:01  SCV  
  13  0:13  SCV  
  14  0:17  Supply Depot  
  14  0:25  SCV  
  15  0:38  SCV  
  15  0:39  Barracks  
  16  0:44  Refinery  
  16  0:50  SCV  
  17  1:04  SCV  
  18  1:16  SCV  
  19  1:28  Orbital Command, Reaper  
  20  1:46  Supply Depot  
  20  1:56  SCV  
  20  2:00  Marine  
  22  2:07  Factory, Refinery  
  22  2:12  Bunker  
  22  2:14  SCV  
  23  2:20  Marine  
  24  2:29  SCV  
  25  2:39  Marine  
  25  2:41  SCV  
  27  2:50  Factory Tech Lab  
  27  2:55  Starport  
  27  2:56  Supply Depot  
  27  2:58  Supply Depot, SCV  
  28  2:59  Marine  
  29  3:17  Cyclone  
  29  3:18  Supply Depot, Marine  
  33  3:22  Supply Depot  
  33  3:27  SCV  
  34  3:31  Viking  
  36  3:39  SCV  
  38  3:49  Supply Depot x2  
  37  4:09  Cyclone  
  37  4:16  Viking  
  39  4:18  Supply Depot  
  39  4:20  SCV  
  40  4:26  Barracks  
  37  4:32  SCV  
Tags
 
Add a new tag
Caveats
  • Supply blocks, unpowered buildings, or Contaminate may cause inaccurate times.
  • Supply counts are checked every 10 seconds.